 Dungeon Crawl Stone Soup version 0.27-a0-660-g90476cec82 (webtiles) character file.

Game seed: 10306735755532836814

18360 HoaS the Martial Artist (level 12, -1/100 HPs)
             Began as a Demigod Gladiator on Mar 16, 2021.
             Engulfed by a steam dragon's steam (9 damage)
             ... on level 11 of the Dungeon.
             The game lasted 00:22:29 (12108 turns).

HoaS the Martial Artist (Demigod Gladiator)        Turns: 12108, Time: 00:22:30

Health: -1/100     AC: 20    Str: 29    XL:     12   Next: 1%
Magic:  15/15      EV: 13    Int: 10    God:
Gold:   541        SH:  0    Dex: 23    Spells: 11/11 levels left

rFire    . . .     SeeInvis .     - Unarmed
rCold    . . .     Faith    .   (no shield)
rNeg     . . .     Spirit   .   y - +0 plate armour
rPois    +         Reflect  .   b - +2 helmet
rElec    .         Harm     .   (no cloak)
rCorr    .         Rampage  .   (no gloves)
Will     +....                  t - +2 pair of boots
Stlth    ..........             o - amulet of the acrobat
HPRegen  0.26/turn              f - ring of poison resistance
MPRegen  0.14/turn              w - +6 ring of strength

@: no status effects
A: high mp 1, forlorn
a: no special abilities


You were on level 11 of the Dungeon.
You visited 1 branch of the dungeon, and saw 12 of its levels.

You collected 541 gold pieces.

Inventory:

Missiles
 d - 64 poisoned darts
 h - 3 curare-tipped darts
 i - 8 javelins
 x - 10 boomerangs
Armour
 b - a +2 helmet (worn)
 t - a +2 pair of boots (worn)
 y - a +0 plate armour (worn)
Jewellery
 f - a ring of poison resistance (right hand)
 o - an amulet of the acrobat (around neck)
 r - a ring of see invisible
 w - a +6 ring of strength (left hand)
Wands
 a - a wand of digging (10)
 g - a wand of paralysis (10)
 m - a wand of flame (9) (quivered)
 s - a wand of charming (4)
Scrolls
 c - 2 scrolls of blinking
 p - 7 scrolls of teleportation
 u - 4 scrolls of identify
 z - a scroll of fear
Potions
 e - a potion of haste
 j - 2 potions of might
 k - 2 potions of mutation
 l - 2 potions of attraction
 n - 3 potions of curing
 q - 2 potions of resistance
 v - a potion of heal wounds
 A - 2 potions of flight


   Skills:
 + Level 7.5 Fighting
 - Level 1.7 Throwing
 + Level 7.4 Armour
 + Level 7.5 Dodging
 * Level 13.4 Unarmed Combat


You had 11 spell levels left.
You didn't know any spells.
Your spell library contained the following spells:

 Spells                   Type           Power      Damage    Failure   Level
 Animate Skeleton         Necr           0%         N/A       98%         1
 Apportation              Tloc           0%         N/A       98%         1
 Corona                   Hex            0%         N/A       98%         1
 Summon Small Mammal      Summ           0%         N/A       98%         1


Dungeon Overview and Level Annotations

Branches:
Dungeon (12/15)            Temple (0/1) D:6             Orc (0/2) D:12
   Lair: D:8-11

Annotations:
D:10 Sonja


Innate Abilities, Weirdness & Mutations

Your attributes grow dramatically as you level up.
You have an increased reservoir of magic. (+10% MP)
You shall have no god before yourself.


Message History

You kill the hound!
No target in view!
No target in view!
You start resting.
A komodo dragon comes into view.
A komodo dragon is nearby!
A centaur comes into view.
The centaur shouts!
The centaur wields a +0 shortbow.
The centaur shoots an arrow.
The arrow closely misses you.
The centaur shoots an arrow.
The arrow misses you.
The centaur shoots an arrow.
The arrow hits you!
The centaur unwields a +0 shortbow.
The centaur closely misses you.
You closely miss the centaur. The centaur hits you.
You pummel the centaur!!
You kill the centaur!
A steam dragon comes into view.
Things that are here:
a +0 shortbow; 29 arrows The steam dragon hisses angrily.
The steam dragon breathes steam at you. The ball of steam misses you.
The komodo dragon bites you!
The komodo dragon hisses menacingly.
You hit the komodo dragon but do no damage.
The komodo dragon bites you!!
* * * LOW HITPOINT WARNING * * *
You punch the komodo dragon!
The komodo dragon is moderately wounded.
The steam dragon breathes steam at you. The ball of steam hits you!
* * * LOW HITPOINT WARNING * * *
The komodo dragon bites you but does no damage.
You closely miss the komodo dragon.
The komodo dragon is moderately wounded.
You are engulfed in a cloud of scalding steam.
You barely miss the komodo dragon.
The komodo dragon is moderately wounded.
You are engulfed in a cloud of scalding steam.
You die...

###....###.§#.....#####
##..#...#.§........#...#
...#...................
#.......)D##.........#
###.......§.#...(..##..###.
..........§..#.....##...... .
#.#.......§##.##........## ?#
######......l§...............
..##.#.#..##...#@.###...#.....#
..........#...##§..####......#
.......##..#####...#†#..#......#
..##...###.....##.......#.......
..†..### #..........>...........
..#).# #....#.#.##.##.#.......
...))## #....# #..########...#.
#..)[(# .....# .. ..#..
#....)##....... ...#.


You could see a komodo dragon.

Vanquished Creatures
  2 two-headed ogres
  Pikel (D:7)
  2 ugly things (D:12)
  Joseph (D:8)
  A komodo dragon (D:12)
  Maggie (D:10)
  Psyche (D:8)
  A troll (D:12)
  A hornet (D:11)
  5 slime creatures (D:12)
  Sigmund (D:2)
  4 yaks (D:9)
  A steam dragon (D:12)
  2 wargs (D:12)
  2 water moccasins (D:8)
  An ice beast (D:8)
  6 orc warriors
  6 sky beasts
  3 ogres
  A black bear (D:6)
  A necrophage (D:7)
  3 centaurs
  A lemure (D:7)
  2 phantoms
  A kobold brigand (D:11)
  7 bullfrogs
  A gnoll sergeant (D:6)
  A wyvern skeleton (D:8)
  7 scorpions
  13 killer bees
  14 wights
  A howler monkey (D:5)
  A centaur zombie (D:7)
  A bullfrog zombie (D:11)
  A quasit (D:12)
  6 hounds
  A bullfrog skeleton (D:6)
  2 centaur skeletons
  8 orc priests
  A gnoll shaman (D:5)
  A jelly (D:9)
  5 iguanas
  9 orc wizards
  9 worker ants
  A killer bee zombie (D:10)
  A hound skeleton (D:4)
  A howler monkey zombie (D:9)
  4 gnolls (D:5)
  A worker ant zombie (D:10)
  7 adders
  2 white imps (D:7)
  An ufetubus (D:7)
  An ooze (D:5)
  An adder zombie (D:7)
  3 adder skeletons
  3 worms
  4 dart slugs
  6 leopard geckos
  42 orcs
  9 bats
  3 giant cockroaches
  8 goblins
  8 hobgoblins
  15 jackals
  11 kobolds
  4 quokkas
  2 ball pythons
  5 frilled lizards
  A leopard gecko skeleton (D:5)
  A quokka skeleton (D:8)
  6 rats
291 creatures vanquished.

Vanquished Creatures (others)
  A goblin (D:8)
  A kobold (D:8)
2 creatures vanquished.

Grand Total: 293 creatures vanquished

Notes
Turn   | Place    | Note
-------+----------+-------------------------------------------
     0 | D:1      | HoaS the Demigod Gladiator began the quest for the Orb.
     0 | D:1      | Reached XP level 1. HP: 17/17 MP: 3/3
    63 | D:1      | Reached skill level 3 in Unarmed Combat
   303 | D:1      | Reached XP level 2. HP: 12/24 MP: 4/4
  1008 | D:1      | Reached XP level 3. HP: 17/29 MP: 5/5
  1425 | D:2      | Reached skill level 4 in Unarmed Combat
  1694 | D:2      | Noticed Sigmund
  2065 | D:2      | Killed Sigmund
  2066 | D:2      | Reached skill level 6 in Unarmed Combat
  2066 | D:2      | Reached XP level 4. HP: 36/36 MP: 6/6
  2066 | D:2      | Reached XP level 5. HP: 41/41 MP: 7/7
  2178 | D:3      | You fall into a shaft and drop 1 floor!
  2589 | D:4      | Reached skill level 1 in Armour
  2589 | D:4      | Reached XP level 6. HP: 14/48 MP: 8/8
  4558 | D:5      | Entered Level 5 of the Dungeon
  5112 | D:5      | Reached XP level 7. HP: 57/57 MP: 9/9
  5609 | D:6      | Noticed a two-headed ogre
  5628 | D:6      | Killed a two-headed ogre
  5629 | D:6      | Reached skill level 7 in Unarmed Combat
  5629 | D:6      | Reached XP level 8. HP: 38/66 MP: 10/10
  6119 | D:6      | Found a staircase to the Ecumenical Temple.
  6334 | D:6      | Reached skill level 8 in Unarmed Combat
  7020 | D:7      | Reached skill level 5 in Fighting
  7020 | D:7      | Reached XP level 9. HP: 52/74 MP: 11/11
  7027 | D:7      | Reached skill level 5 in Armour
  7027 | D:7      | Reached skill level 5 in Dodging
  7916 | D:8      | Noticed Pikel
  7949 | D:7      | Killed Pikel
  7950 | D:7      | Reached skill level 9 in Unarmed Combat
  8651 | D:8      | Noticed Joseph
  8670 | D:8      | Killed Joseph
  8888 | D:8      | Noticed Psyche
  8932 | D:8      | Killed Psyche
  8933 | D:8      | Reached XP level 10. HP: 74/83 MP: 13/13
  9693 | D:9      | Reached skill level 10 in Unarmed Combat
 10526 | D:9      | Reached skill level 12 in Unarmed Combat
 10526 | D:9      | Reached XP level 11. HP: 91/91 MP: 14/14
 10570 | D:10     | Entered Level 10 of the Dungeon
 10628 | D:10     | Noticed Maggie
 10647 | D:10     | Killed Maggie
 11127 | D:10     | Noticed Sonja
 11135 | D:10     | You fall into a shaft and drop 2 floors!
 11224 | D:12     | Reached skill level 13 in Unarmed Combat
 11504 | D:12     | Found a staircase to the Orcish Mines.
 11653 | D:12     | Noticed a two-headed ogre
 11658 | D:12     | Killed a two-headed ogre
 12034 | D:11     | Reached XP level 12. HP: 59/100 MP: 15/15
 12108 | D:11     | Engulfed by a steam dragon's steam

Illustrated notes

Levels and vault maps discovered:
D:1:      dpeg_arrival_court, layout_loops_ring, dk_noncrumbling_3, st_stairs_14
D:2:      layout_basic, nicolae_overflow_crystal_walls, uniq_sigmund
D:3:      layout_basic, tso_altar, lemuel_doored_altar, kennysheep_cross_room,
          chequers_arboretum, minmay_splitting_lines
D:4:      layout_layer_cave, kennysheep_mini_moat, fedhas_altar_4
D:5:      layout_rooms, grunt_dithmenos_smoke, overflow_temple_1_default
D:6:      layout_loops_cross, minmay_temple_entry_nine_rooms,
          kennysheep_generic_room_14
D:7:      layout_loops_cross, cheibrodos_ashenzari_chains
D:8:      layout_loops_ring, tgw_xom, uniq_pikel, uniq_joseph, uniq_psyche
D:9:      layout_cave_pods, lemuel_crystal_altar
D:10:     layout_basic, dpeg_oklobed_lair, david_defended_altar_orc, uniq_sonja,
          uniq_maggie, uniq_harold
D:11:     layout_cave_pools, portal_ice_cave_demonic_guard, serial_shops, shop
D:12:     lemuel_ice_statue, layout_small_grid, david_orc_1_choice, basic_altar,
          hangedman_misty_isle

Skill      XL: |  1  2  3  4  5  6  7  8  9 10 11 |
---------------+----------------------------------+-----
Unarmed Combat | 3 6 7 8 9 12 13 | 13.4
Fighting       | 2 3 4 5 6 7 |  7.5
Armour         | 1 3 4 6 7 |  7.4
Dodging        | 3 4 6 7 |  7.5
Throwing       | |  1.7

Action                   |  1- 3 |  4- 6 |  7- 9 | 10-12 || total
-------------------------+-------+-------+-------+-------++-------
Melee: Unarmed           |   155 |   191 |   453 |   386 ||  1185
       Punch             |     4 |     6 |    17 |    37 ||    64
Throw: Dart              |     4 |       |     2 |       ||     6
       Throwing net      |       |       |     8 |       ||     8
Evoke: Wand              |     1 |       |     6 |     7 ||    14
  Use: Scroll            |     3 |     5 |     9 |     6 ||    23
       Potion            |       |       |     1 |     6 ||     7
 Stab: Paralysed         |     5 |       |     6 |       ||    11
       Held in net/web   |       |       |     9 |       ||     9
Armor: Leather armour    |    33 |       |       |       ||    33
       Chain mail        |    12 |    67 |   197 |    74 ||   350
       Plate armour      |       |       |       |    65 ||    65
       Acid dragon scale |       |       |       |     7 ||     7
Dodge: Dodged            |    93 |   111 |   244 |   179 ||   627

Table legend: (Time is in decaauts)
 A = Elapsed time spent in this place.
 B = Non-inter-level travel time spent in this place.
 C = Inter-level travel time spent in this place.
 D = Time resting spent in this place.
 E = Time spent auto-exploring this place.
 F = Levels seen in this place.
 G = Mean time per level.
                   A        B        C        D        E       F      G
               +--------+--------+--------+--------+--------+-----+--------+
         Total |  11906 |  11596 |    310 |   3552 |   5898 |  12 |  992.2 |
       Dungeon |  11906 |  11596 |    310 |   3552 |   5898 |  12 |  992.2 |
               +--------+--------+--------+--------+--------+-----+--------+

Top non-repeatable levels by time:
     D:4: 1645 daAuts
     D:6: 1438 daAuts
     D:1: 1366 daAuts
     D:9: 1292 daAuts
     D:8: 1157 daAuts
     D:7: 1068 daAuts
     D:5: 933 daAuts
    D:12: 784 daAuts
     D:2: 783 daAuts
     D:3: 762 daAuts
    D:10: 548 daAuts
    D:11: 125 daAuts
